Pick #1

Connor Bedard
Pick #2

Leo Carlsson
Pick #3

Adam Fantilli
Pick #4

Matvei Michkov
Pick #5

David Reinbacher
Pick #6

William Smith
Pick #7

Zachary Benson
Pick #8

Ryan Leonard
Pick #9

Gabriel Perreault
Pick #10

Axel Sandin-Pellika
Pick #11

Daniil But
Pick #12

Dalibor Dvorsky
Pick #13

Quentin Musty
Pick #14

Brayden Yager
Pick #15

Dmitry Simashev
Pick #16

Colby Barlow
Pick #17

Andrew Cristall
Pick #18

Easton Cowan
Pick #19

Jacob Fowler
Pick #20

Oliver Moore
Pick #21

Oliver Bonk
Pick #22

Tom Willander
Pick #23

Calum Ritchie
Pick #24

Tanner Molendyk
Pick #25

Gavin Brindley
Pick #26

Nate Danielson
Pick #27

Pick #28

Pick #29

Pick #30

Pick #31

Pick #32

Pick #33

Pick #34

Pick #35

Pick #36

Pick #37

Pick #38

Pick #39

Pick #40

Pick #41

Pick #42

Pick #43

Pick #44

Pick #45

Pick #46

Pick #47

Pick #48

Pick #49

Pick #50

Pick #51

Pick #52

Pick #53

Pick #54

Pick #55

Pick #56

Pick #57

Pick #58

Pick #59

Pick #60

Pick #61

Pick #62

Pick #63

Pick #64

Pick #65

Pick #66

Pick #67

Pick #68

Pick #69

Pick #70

Pick #71

Pick #72

Pick #73

Pick #74

Pick #75

Pick #76

Pick #77

Pick #78

Pick #79

Pick #80

Pick #81

Pick #82

Pick #83

Pick #84

Pick #85

Pick #86

Pick #87

Pick #88

Pick #89

Pick #90

Pick #91

Pick #92

Pick #93

Pick #94

Pick #95

Pick #96

Pick #97

Pick #98

Pick #99

Pick #100

Pick #101

Pick #102

Pick #103

Pick #104

Pick #105

Pick #106

Pick #107

Pick #108

Pick #109

Pick #110

Pick #111

Pick #112

Pick #113

Pick #114

Pick #115

Pick #116

Pick #117

Pick #118

Pick #119

Pick #120

Pick #121

Pick #122

Pick #123

Pick #124

Pick #125

Pick #126

Pick #127

Pick #128

Pick #129

Pick #130

Full Scoreboard »»

Canucks vs Flames

Created - December 7, 2023 at 21:22

Goals
1 2 3 T
Canucks 0 1 0 1
Flames 1 1 2 4
Shots
1 2 3 T
Canucks 5 11 7 23
Flames 8 15 9 32

GoalsPenalties
1st period
1. Flames , Kirill Marchenko 5 (Pierre-Edouard Bellemare 4, Sean Kuraly 6) at 12:53
Conor Garland (VAN) for Hooking (Minor) at 16:55
2nd period
2. Flames , Sebastian Aho 19 (Steven Stamkos 17, Jared Spurgeon 17) at 0:21
3. Canucks , Mathew Barzal 4 (Conor Garland 6, J.J. Moser 4) at 7:25
Alex DeBrincat (CGY) for Hooking (Minor) at 9:47
Ryan Lindgren (CGY) for Tripping (Minor) at 10:17
J.J. Moser (VAN) for Holding (Minor) at 12:52
Samuel Girard (VAN) for Charging (Minor) at 16:59
3rd period
4. Flames , Jordan Kyrou 8 (Alex DeBrincat 7, Adam Larsson 19) at 7:07
5. Flames , Jordan Kyrou 9 (Erik Gudbranson 8, Lawson Crouse 15) at 11:31
Martin Necas (VAN) for Roughing (Minor) at 4:03
Adam Larsson (CGY) for Hooking (Minor) at 8:25
Goalie Stats
Jeremy Swayman (VAN), 28 saves from 32 shots - (0.875), L, 9-7-1, 60:00 minutes
Vitek Vanecek (CGY), 22 saves from 23 shots - (0.957), W, 11-7-3, 60:00 minutes
3 StarsOfficial
1 - Jordan Kyrou (CGY)
2 - Lawson Crouse (CGY)
3 - Sebastian Aho (CGY)
Referees : Ian Walsh and Jean Hebert
Linesman : Shandor Alphonso and Kyle Allen
Game Note
No Game Note
Finance
Level 1 -- Attendance: 4935 (75.92%) -- Ticket Income $616,875
Level 2 -- Attendance: 5000 (100.00%) -- Ticket Income $375,000
Level 3 -- Attendance: 3051 (87.17%) -- Ticket Income $152,550
Level 4 -- Attendance: 2618 (79.60%) -- Ticket Income $112,574
Luxury Box -- Attendance: 1000 (100.00%) -- Ticket Income $150,000
Game was played at the Scotiabank Saddledome.
Total Attendance: 16604 (86.08%)
Total Ticket Income: $1,406,999
Other Income: $351,750
Total Income: $1,758,749



Team Name Goals Shots Shots Attemp Shots Blocked PIM HIT PP PK FO%
Canucks 1234898230 / 3 (0%)048%
Flames 4326286180 / 4 (0%)052%

Canucks
Player Name POS G A P +/- PIM HIT SHT SB MP PP MP PP SHT PK MP PK SHT FO% FOT
Alex NewhookC000000006:032:3400:0000% 0
Boone JennerC000-2033022:461:3903:54067% 3
Bowen ByramD000-1071323:391:3902:5000% 0
Brayden PointC0000026018:542:3420:00072% 18
Cody GlassC000000107:460:1504:02040% 5
Conor GarlandRW011-1210010:480:1500:0000% 0
J.J. MoserD011-1211218:101:0502:1800% 0
Jason ZuckerLW000001003:290:0000:0000% 1
Jordan SpenceD000-1000017:010:0003:2300% 0
Kevin HayesC000-2001117:130:0000:00052% 21
Marcus JohanssonLW000-1000014:360:0004:0200% 1
Martin NecasC0000213018:131:5400:0000% 1
Mathew BarzalC101-1021013:082:3400:00029% 14
Mitch MarnerC/LW/RW000-2002122:461:3903:54050% 2
Morgan RiellyD000-1031124:411:4403:4700% 0
Ryan Nugent-HopkinsC0000013018:542:3400:00020% 5
Samuel GirardD000-1210120:151:5403:3400% 0
Ty SmithD000-1000013:380:0000:0000% 0
Flames
Player Name POS G A P +/- PIM HIT SHT SB MP PP MP PP SHT PK MP PK SHT FO% FOT
Adam LarssonD0111210119:273:4101:1500% 0
Alex DeBrincatRW0112224018:024:3200:0000% 0
Calvin de HaanD000000002:210:4901:3200% 0
Erik GudbransonD0111010115:450:0002:1100% 0
Esa LindellD0001001219:373:4101:2400% 0
Jakub VranaLW0001032022:393:2410:000100% 2
Jared SpurgeonD0111002124:073:2611:1100% 0
Jordan EberleRW000000103:260:0000:0000% 0
Jordan KyrouC2022004018:034:3210:00053% 17
Josh MorrisseyD0001021222:563:2600:0000% 0
Kirill MarchenkoRW1010004014:500:0000:0000% 2
Lawson CrouseLW0112030018:574:3200:540100% 3
Pierre-Edouard BellemareLW0110001016:550:0002:0500% 1
Ryan LindgrenD0001222115:450:4901:2200% 0
Sam GagnerC000001002:050:0002:050100% 2
Sean KuralyC0110004017:130:0002:23065% 20
Sebastian AhoC1011001022:393:2400:00020% 5
Steven StamkosC0111035019:133:2410:00037% 19



Play-by-Play

1st period


0:01 of 1st period - Kevin Hayes wins face-off versus Steven Stamkos in neutral zone.
1:17 of 1st period - Shot by Brayden Point.
1:17 of 1st period - Shot Blocked by Esa Lindell.
1:19 of 1st period - Shot by Brayden Point.
1:19 of 1st period - Shot Misses the Net.
1:21 of 1st period - Shot by Ryan Nugent-Hopkins.
1:21 of 1st period - Stopped by Vitek Vanecek without a rebound.
1:22 of 1st period - Sean Kuraly wins face-off versus Mathew Barzal in Flames zone.
1:22 of 1st period - Sean Kuraly is hit by Mathew Barzal.
1:41 of 1st period - Kirill Marchenko is hit by Conor Garland and loses puck.
1:56 of 1st period - Erik Gudbranson is hit by Mathew Barzal and loses puck.
2:05 of 1st period - Icing by Marcus Johansson.
2:06 of 1st period - Mathew Barzal wins face-off versus Sebastian Aho in Canucks zone.
2:26 of 1st period - Martin Necas is hit by Jakub Vrana and loses puck.
3:10 of 1st period - Samuel Girard is hit by Lawson Crouse and loses puck.
3:29 of 1st period - Alex DeBrincat is hit by Bowen Byram and loses puck.
3:49 of 1st period - Alex DeBrincat is hit by Morgan Rielly and loses puck.
4:05 of 1st period - Pierre-Edouard Bellemare is hit by Bowen Byram and loses puck.
4:26 of 1st period - Shot by Sean Kuraly.
4:26 of 1st period - Stopped by Jeremy Swayman without a rebound.
4:27 of 1st period - Kevin Hayes wins face-off versus Steven Stamkos in Canucks zone.
4:27 of 1st period - Kevin Hayes is hit by Jakub Vrana.
4:56 of 1st period - Boone Jenner is hit by Josh Morrissey and loses puck.
5:19 of 1st period - Icing by Josh Morrissey.
5:20 of 1st period - Steven Stamkos wins face-off versus Brayden Point in Flames zone.
5:36 of 1st period - Martin Necas is hit by Josh Morrissey.
5:53 of 1st period - Shot by Ryan Nugent-Hopkins.
5:53 of 1st period - Shot Blocked by Josh Morrissey.
5:55 of 1st period - Shot by Samuel Girard.
5:55 of 1st period - Shot Blocked by Josh Morrissey.
5:57 of 1st period - Shot by Samuel Girard.
5:57 of 1st period - Shot Misses the Net.
5:59 of 1st period - Shot by Samuel Girard.
5:59 of 1st period - Shot Misses the Net.
6:26 of 1st period - Shot by Conor Garland.
6:26 of 1st period - Shot Misses the Net.
7:26 of 1st period - Shot by Kirill Marchenko.
7:26 of 1st period - Shot Misses the Net.
7:28 of 1st period - Shot by Esa Lindell.
7:28 of 1st period - Stopped by Jeremy Swayman without a rebound.
7:29 of 1st period - Kevin Hayes wins face-off versus Jordan Kyrou in Canucks zone.
7:47 of 1st period - Alex DeBrincat is hit by J.J. Moser and loses puck.
7:56 of 1st period - Shot by Jordan Kyrou.
7:56 of 1st period - Shot Misses the Net.
7:58 of 1st period - Shot by Ryan Lindgren.
7:58 of 1st period - Stopped by Jeremy Swayman without a rebound.
7:59 of 1st period - Brayden Point wins face-off versus Sean Kuraly in Canucks zone.
8:38 of 1st period - Shot by Brayden Point.
8:38 of 1st period - Shot Misses the Net.
8:53 of 1st period - Icing by Adam Larsson.
8:54 of 1st period - Kevin Hayes wins face-off versus Pierre-Edouard Bellemare in Flames zone.
9:02 of 1st period - Icing by Esa Lindell.
9:03 of 1st period - Sean Kuraly wins face-off versus Kevin Hayes in Flames zone.
9:07 of 1st period - Icing by Adam Larsson.
9:08 of 1st period - Kevin Hayes wins face-off versus Sean Kuraly in Flames zone.
9:22 of 1st period - Shot by Kevin Hayes.
9:22 of 1st period - Shot Misses the Net.
9:46 of 1st period - Shot by Boone Jenner.
9:46 of 1st period - Stopped by Vitek Vanecek with a rebound.
9:48 of 1st period - Shot by Boone Jenner.
9:48 of 1st period - Stopped by Vitek Vanecek with a rebound.
9:50 of 1st period - Shot by Morgan Rielly.
9:50 of 1st period - Stopped by Vitek Vanecek without a rebound.
9:51 of 1st period - Brayden Point wins face-off versus Jordan Kyrou in Flames zone.
10:24 of 1st period - Shot by Brayden Point.
10:24 of 1st period - Stopped by Vitek Vanecek without a rebound.
10:25 of 1st period - Steven Stamkos wins face-off versus Mathew Barzal in Flames zone.
10:37 of 1st period - Icing by Jordan Spence.
10:38 of 1st period - Mathew Barzal wins face-off versus Sebastian Aho in Canucks zone.
12:49 of 1st period - Shot by Esa Lindell.
12:49 of 1st period - Shot Blocked by Mitch Marner.
12:51 of 1st period - Shot by Sean Kuraly.
12:51 of 1st period - Shot Misses the Net.
12:53 of 1st period - Shot by Pierre-Edouard Bellemare.
12:53 of 1st period - Deflect By Kirill Marchenko.
12:53 of 1st period - Goal by Kirill Marchenko - Canucks : 0 - Flames : 1.
12:54 of 1st period - Brayden Point wins face-off versus Steven Stamkos in neutral zone.
13:02 of 1st period - Ryan Lindgren is hit by Brayden Point.
13:07 of 1st period - Sebastian Aho is hit by Samuel Girard and loses puck.
13:28 of 1st period - Samuel Girard is hit by Steven Stamkos and loses puck.
13:35 of 1st period - Shot by Steven Stamkos.
13:35 of 1st period - Stopped by Jeremy Swayman with a rebound.
14:32 of 1st period - Alex DeBrincat is hit by Jason Zucker and loses puck.
15:01 of 1st period - Shot by Kirill Marchenko.
15:01 of 1st period - Stopped by Jeremy Swayman with a rebound.
15:03 of 1st period - Shot by Pierre-Edouard Bellemare.
15:03 of 1st period - Shot Misses the Net.
15:05 of 1st period - Shot by Sean Kuraly.
15:05 of 1st period - Stopped by Jeremy Swayman without a rebound.
15:06 of 1st period - Sean Kuraly wins face-off versus Kevin Hayes in Canucks zone.
16:49 of 1st period - Jakub Vrana is hit by Ryan Nugent-Hopkins and loses puck.
16:55 of 1st period - Minor Penalty to Conor Garland for Hooking.
16:56 of 1st period - Lawson Crouse wins face-off versus Cody Glass in Canucks zone.
17:42 of 1st period - Jared Spurgeon is hit by Morgan Rielly and loses puck.
19:22 of 1st period - Shot by Jakub Vrana.
19:22 of 1st period - Stopped by Jeremy Swayman without a rebound.
19:23 of 1st period - Kevin Hayes wins face-off versus Sean Kuraly in Canucks zone.
19:57 of 1st period - Shot by Morgan Rielly.
19:57 of 1st period - Shot Misses the Net.
19:59 of 1st period - Shot by Bowen Byram.
19:59 of 1st period - Deflect By Boone Jenner.
19:59 of 1st period - Shot Misses the Net.
Goals for this period are 0 for Canucks vs 1 for Flames.
Shots for this period are 5 for Canucks vs 8 for Flames.

2nd period


0:01 of 2nd period - Steven Stamkos wins face-off versus Kevin Hayes in neutral zone.
0:01 of 2nd period - Steven Stamkos is hit by Boone Jenner.
0:19 of 2nd period - Shot by Steven Stamkos.
0:19 of 2nd period - Shot Blocked by Kevin Hayes.
0:21 of 2nd period - Shot by Sebastian Aho.
0:21 of 2nd period - Goal by Sebastian Aho - Canucks : 0 - Flames : 2.
0:22 of 2nd period - Jordan Kyrou wins face-off versus Brayden Point in neutral zone.
0:26 of 2nd period - Alex DeBrincat is hit by Bowen Byram and loses puck.
0:38 of 2nd period - Brayden Point is hit by Erik Gudbranson and loses puck.
0:44 of 2nd period - Brayden Point is hit by Ryan Lindgren.
0:52 of 2nd period - Shot by Brayden Point.
0:52 of 2nd period - Deflect By Ryan Nugent-Hopkins.
0:52 of 2nd period - Shot Misses the Net.
0:54 of 2nd period - Shot by Brayden Point.
0:54 of 2nd period - Deflect By Martin Necas.
0:54 of 2nd period - Stopped by Vitek Vanecek without a rebound.
0:55 of 2nd period - Jakub Vrana wins face-off versus Kevin Hayes in Flames zone.
0:55 of 2nd period - Jakub Vrana is hit by Boone Jenner.
1:04 of 2nd period - Shot by Boone Jenner.
1:04 of 2nd period - Stopped by Vitek Vanecek with a rebound.
1:06 of 2nd period - Shot by J.J. Moser.
1:06 of 2nd period - Stopped by Vitek Vanecek without a rebound.
1:07 of 2nd period - Sean Kuraly wins face-off versus Mathew Barzal in Flames zone.
2:28 of 2nd period - Steven Stamkos is hit by Bowen Byram and loses puck.
2:34 of 2nd period - Morgan Rielly is hit by Ryan Lindgren and loses puck.
2:54 of 2nd period - Ryan Lindgren is hit by Boone Jenner.
3:24 of 2nd period - Mitch Marner is hit by Lawson Crouse and loses puck.
3:33 of 2nd period - Boone Jenner is hit by Alex DeBrincat and loses puck.
4:13 of 2nd period - Icing by Jared Spurgeon.
4:14 of 2nd period - Sean Kuraly wins face-off versus Mathew Barzal in Flames zone.
4:23 of 2nd period - Shot by Kirill Marchenko.
4:23 of 2nd period - Stopped by Jeremy Swayman with a rebound.
4:25 of 2nd period - Shot by Josh Morrissey.
4:25 of 2nd period - Stopped by Jeremy Swayman with a rebound.
4:27 of 2nd period - Shot by Pierre-Edouard Bellemare.
4:27 of 2nd period - Stopped by Jeremy Swayman without a rebound.
4:28 of 2nd period - Brayden Point wins face-off versus Sebastian Aho in Canucks zone.
4:51 of 2nd period - Shot by Martin Necas.
4:51 of 2nd period - Stopped by Vitek Vanecek with a rebound.
4:53 of 2nd period - Shot by Ty Smith.
4:53 of 2nd period - Shot Misses the Net.
5:07 of 2nd period - Shot by Ryan Nugent-Hopkins.
5:07 of 2nd period - Shot Blocked by Erik Gudbranson.
5:09 of 2nd period - Shot by Jordan Spence.
5:09 of 2nd period - Shot Misses the Net.
5:52 of 2nd period - Shot by Jordan Kyrou.
5:52 of 2nd period - Shot Misses the Net.
5:54 of 2nd period - Shot by Jared Spurgeon.
5:54 of 2nd period - Shot Blocked by J.J. Moser.
5:56 of 2nd period - Shot by Alex DeBrincat.
5:56 of 2nd period - Stopped by Jeremy Swayman without a rebound.
5:57 of 2nd period - Cody Glass wins face-off versus Sean Kuraly in Canucks zone.
6:20 of 2nd period - Shot by Cody Glass.
6:20 of 2nd period - Deflect By Alex Newhook.
6:20 of 2nd period - Shot Blocked by Adam Larsson.
6:22 of 2nd period - Shot by Bowen Byram.
6:22 of 2nd period - Stopped by Vitek Vanecek without a rebound.
6:23 of 2nd period - Lawson Crouse wins face-off versus Kevin Hayes in Flames zone.
6:34 of 2nd period - Shot by Jordan Kyrou.
6:34 of 2nd period - Stopped by Jeremy Swayman with a rebound.
6:36 of 2nd period - Shot by Alex DeBrincat.
6:36 of 2nd period - Stopped by Jeremy Swayman without a rebound.
6:37 of 2nd period - Brayden Point wins face-off versus Kirill Marchenko in Canucks zone.
7:10 of 2nd period - Icing by Adam Larsson.
7:11 of 2nd period - Kevin Hayes wins face-off versus Sean Kuraly in Flames zone.
7:21 of 2nd period - Icing by Esa Lindell.
7:22 of 2nd period - Mathew Barzal wins face-off versus Kirill Marchenko in Flames zone.
7:25 of 2nd period - Shot by Conor Garland.
7:25 of 2nd period - Deflect By Mathew Barzal.
7:25 of 2nd period - Goal by Mathew Barzal - Canucks : 1 - Flames : 2.
7:26 of 2nd period - Brayden Point wins face-off versus Steven Stamkos in neutral zone.
7:39 of 2nd period - Shot by Steven Stamkos.
7:39 of 2nd period - Stopped by Jeremy Swayman without a rebound.
7:40 of 2nd period - Kevin Hayes wins face-off versus Jordan Kyrou in Canucks zone.
7:40 of 2nd period - Samuel Girard is hit by Lawson Crouse and loses puck.
7:53 of 2nd period - Shot by Mitch Marner.
7:53 of 2nd period - Stopped by Vitek Vanecek without a rebound.
7:54 of 2nd period - Brayden Point wins face-off versus Steven Stamkos in Flames zone.
8:29 of 2nd period - Icing by Morgan Rielly.
8:30 of 2nd period - Brayden Point wins face-off versus Jordan Kyrou in Canucks zone.
8:43 of 2nd period - Shot by Ryan Nugent-Hopkins.
8:43 of 2nd period - Stopped by Vitek Vanecek without a rebound.
8:44 of 2nd period - Sean Kuraly wins face-off versus Kevin Hayes in Flames zone.
8:49 of 2nd period - Shot by Kirill Marchenko.
8:49 of 2nd period - Stopped by Jeremy Swayman without a rebound.
8:50 of 2nd period - Jakub Vrana wins face-off versus Kevin Hayes in Canucks zone.
9:35 of 2nd period - Shot by Steven Stamkos.
9:35 of 2nd period - Stopped by Jeremy Swayman with a rebound.
9:42 of 2nd period - Icing by J.J. Moser.
9:43 of 2nd period - Kevin Hayes wins face-off versus Jordan Kyrou in Canucks zone.
9:47 of 2nd period - Minor Penalty to Alex DeBrincat for Hooking.
9:48 of 2nd period - Sean Kuraly wins face-off versus Ryan Nugent-Hopkins in Flames zone.
9:54 of 2nd period - Icing by Ryan Nugent-Hopkins.
9:55 of 2nd period - Sean Kuraly wins face-off versus Ryan Nugent-Hopkins in Canucks zone.
10:17 of 2nd period - Minor Penalty to Ryan Lindgren for Tripping.
10:18 of 2nd period - Sam Gagner wins face-off versus Mitch Marner in Flames zone.
10:30 of 2nd period - Icing by Mitch Marner.
10:31 of 2nd period - Sam Gagner wins face-off versus Martin Necas in Canucks zone.
10:34 of 2nd period - Shot by Jared Spurgeon.
10:34 of 2nd period - Shot Misses the Net.
10:51 of 2nd period - Shot by Martin Necas.
10:51 of 2nd period - Shot Misses the Net.
10:59 of 2nd period - Shot by Mitch Marner.
10:59 of 2nd period - Shot Blocked by Jared Spurgeon.
11:13 of 2nd period - Samuel Girard is hit by Sam Gagner and loses puck.
11:34 of 2nd period - Icing by Morgan Rielly.
11:35 of 2nd period - Sean Kuraly wins face-off versus Ryan Nugent-Hopkins in Canucks zone.
12:51 of 2nd period - Shot by Steven Stamkos.
12:51 of 2nd period - Stopped by Jeremy Swayman without a rebound.
12:52 of 2nd period - Jordan Kyrou wins face-off versus Mathew Barzal in Canucks zone.
12:52 of 2nd period - Minor Penalty to J.J. Moser for Holding.
12:53 of 2nd period - Jordan Kyrou wins face-off versus Cody Glass in Canucks zone.
13:14 of 2nd period - Shot by Jordan Kyrou.
13:14 of 2nd period - Stopped by Jeremy Swayman without a rebound.
13:15 of 2nd period - Boone Jenner wins face-off versus Steven Stamkos in Canucks zone.
13:46 of 2nd period - Shot by Steven Stamkos.
13:46 of 2nd period - Shot Misses the Net.
13:56 of 2nd period - Shot by Steven Stamkos.
13:56 of 2nd period - Shot Hit the Post.
14:33 of 2nd period - Jordan Kyrou is hit by Morgan Rielly and loses puck.
14:37 of 2nd period - Lawson Crouse is hit by Bowen Byram and loses puck.
14:59 of 2nd period - Off-side.
15:00 of 2nd period - Brayden Point wins face-off versus Sean Kuraly in neutral zone.
15:05 of 2nd period - Shot by Brayden Point.
15:05 of 2nd period - Stopped by Vitek Vanecek with a rebound.
15:07 of 2nd period - Shot by Martin Necas.
15:07 of 2nd period - Stopped by Vitek Vanecek without a rebound.
15:08 of 2nd period - Brayden Point wins face-off versus Steven Stamkos in Flames zone.
15:37 of 2nd period - Off-side.
15:38 of 2nd period - Kevin Hayes wins face-off versus Jordan Kyrou in neutral zone.
15:44 of 2nd period - Jordan Kyrou is hit by Bowen Byram and loses puck.
15:47 of 2nd period - Shot by Jordan Kyrou.
15:47 of 2nd period - Shot Misses the Net.
16:03 of 2nd period - Off-side.
16:04 of 2nd period - Steven Stamkos wins face-off versus Brayden Point in neutral zone.
16:21 of 2nd period - Shot by Brayden Point.
16:21 of 2nd period - Stopped by Vitek Vanecek without a rebound.
16:22 of 2nd period - Jordan Kyrou wins face-off versus Mathew Barzal in Flames zone.
16:32 of 2nd period - Off-side.
16:33 of 2nd period - Brayden Point wins face-off versus Steven Stamkos in neutral zone.
16:33 of 2nd period - Martin Necas is hit by Steven Stamkos.
16:47 of 2nd period - Steven Stamkos is hit by Martin Necas and loses puck.
16:59 of 2nd period - Minor Penalty to Samuel Girard for Charging.
17:00 of 2nd period - Jordan Kyrou wins face-off versus Boone Jenner in Canucks zone.
17:46 of 2nd period - Shot by Jordan Kyrou.
17:46 of 2nd period - Shot Misses the Net.
18:12 of 2nd period - Shot by Jared Spurgeon.
18:12 of 2nd period - Shot Blocked by Morgan Rielly.
18:14 of 2nd period - Shot by Jared Spurgeon.
18:14 of 2nd period - Stopped by Jeremy Swayman with a rebound.
18:20 of 2nd period - Shot by Steven Stamkos.
18:20 of 2nd period - Stopped by Jeremy Swayman with a rebound.
18:22 of 2nd period - Shot by Jared Spurgeon.
18:22 of 2nd period - Shot Blocked by Bowen Byram.
18:24 of 2nd period - Shot by Josh Morrissey.
18:24 of 2nd period - Shot Misses the Net.
18:26 of 2nd period - Shot by Jared Spurgeon.
18:26 of 2nd period - Shot Misses the Net.
18:28 of 2nd period - Shot by Josh Morrissey.
18:28 of 2nd period - Shot Blocked by Bowen Byram.
18:30 of 2nd period - Shot by Jakub Vrana.
18:30 of 2nd period - Stopped by Jeremy Swayman without a rebound.
18:31 of 2nd period - Boone Jenner wins face-off versus Jordan Kyrou in Canucks zone.
19:38 of 2nd period - Shot by Pierre-Edouard Bellemare.
19:38 of 2nd period - Shot Misses the Net.
19:54 of 2nd period - Steven Stamkos is hit by Brayden Point and loses puck.
Goals for this period are 1 for Canucks vs 1 for Flames.
Shots for this period are 11 for Canucks vs 15 for Flames.

3rd period


0:01 of 3rd period - Jordan Kyrou wins face-off versus Kevin Hayes in neutral zone.
0:08 of 3rd period - Shot by Alex DeBrincat.
0:08 of 3rd period - Shot Misses the Net.
0:10 of 3rd period - Shot by Jared Spurgeon.
0:10 of 3rd period - Stopped by Jeremy Swayman without a rebound.
0:11 of 3rd period - Steven Stamkos wins face-off versus Mathew Barzal in Canucks zone.
2:07 of 3rd period - Ty Smith is hit by Alex DeBrincat and loses puck.
2:24 of 3rd period - Shot by Brayden Point.
2:24 of 3rd period - Stopped by Vitek Vanecek with a rebound.
2:34 of 3rd period - Shot by Sean Kuraly.
2:34 of 3rd period - Stopped by Jeremy Swayman without a rebound.
2:35 of 3rd period - Sean Kuraly wins face-off versus Marcus Johansson in Canucks zone.
2:36 of 3rd period - Shot by Pierre-Edouard Bellemare.
2:36 of 3rd period - Shot Misses the Net.
3:26 of 3rd period - Off-side.
3:27 of 3rd period - Mitch Marner wins face-off versus Jordan Kyrou in neutral zone.
3:54 of 3rd period - Shot by Mitch Marner.
3:54 of 3rd period - Stopped by Vitek Vanecek with a rebound.
3:56 of 3rd period - Shot by Kevin Hayes.
3:56 of 3rd period - Stopped by Vitek Vanecek without a rebound.
3:57 of 3rd period - Brayden Point wins face-off versus Steven Stamkos in Flames zone.
4:03 of 3rd period - Minor Penalty to Martin Necas for Roughing.
4:04 of 3rd period - Cody Glass wins face-off versus Steven Stamkos in Canucks zone.
4:04 of 3rd period - Morgan Rielly is hit by Jakub Vrana and loses puck.
5:55 of 3rd period - Shot by Steven Stamkos.
5:55 of 3rd period - Shot Misses the Net.
6:33 of 3rd period - Shot by Ryan Nugent-Hopkins.
6:33 of 3rd period - Stopped by Vitek Vanecek without a rebound.
6:34 of 3rd period - Sebastian Aho wins face-off versus Mathew Barzal in Flames zone.
6:41 of 3rd period - Shot by Jordan Eberle.
6:41 of 3rd period - Stopped by Jeremy Swayman without a rebound.
6:42 of 3rd period - Jordan Kyrou wins face-off versus Mathew Barzal in Canucks zone.
6:51 of 3rd period - Shot by Jordan Kyrou.
6:51 of 3rd period - Shot Blocked by J.J. Moser.
6:53 of 3rd period - Shot by Lawson Crouse.
6:53 of 3rd period - Shot Misses the Net.
6:57 of 3rd period - Shot by Alex DeBrincat.
6:57 of 3rd period - Stopped by Jeremy Swayman with a rebound.
7:05 of 3rd period - Shot by Alex DeBrincat.
7:05 of 3rd period - Stopped by Jeremy Swayman with a rebound.
7:07 of 3rd period - Shot by Alex DeBrincat.
7:07 of 3rd period - Deflect By Jordan Kyrou.
7:07 of 3rd period - Goal by Jordan Kyrou - Canucks : 1 - Flames : 3.
7:08 of 3rd period - Kevin Hayes wins face-off versus Steven Stamkos in neutral zone.
8:25 of 3rd period - Minor Penalty to Adam Larsson for Hooking.
8:26 of 3rd period - Sean Kuraly wins face-off versus Ryan Nugent-Hopkins in Flames zone.
8:56 of 3rd period - Shot by J.J. Moser.
8:56 of 3rd period - Shot Blocked by Ryan Lindgren.
9:07 of 3rd period - Shot by Brayden Point.
9:07 of 3rd period - Stopped by Vitek Vanecek with a rebound.
9:09 of 3rd period - Shot by Brayden Point.
9:09 of 3rd period - Shot Misses the Net.
9:23 of 3rd period - Shot by Sam Gagner.
9:23 of 3rd period - Shot Misses the Net.
9:37 of 3rd period - Shot by Bowen Byram.
9:37 of 3rd period - Shot Blocked by Esa Lindell.
10:09 of 3rd period - Shot by Brayden Point.
10:09 of 3rd period - Stopped by Vitek Vanecek without a rebound.
10:10 of 3rd period - Sean Kuraly wins face-off versus Cody Glass in Flames zone.
10:47 of 3rd period - Icing by Conor Garland.
10:48 of 3rd period - Jordan Kyrou wins face-off versus Mathew Barzal in Canucks zone.
11:29 of 3rd period - Shot by Jordan Kyrou.
11:29 of 3rd period - Shot Misses the Net.
11:31 of 3rd period - Shot by Jordan Kyrou.
11:31 of 3rd period - Goal by Jordan Kyrou - Canucks : 1 - Flames : 4.
11:32 of 3rd period - Ryan Nugent-Hopkins wins face-off versus Sebastian Aho in neutral zone.
11:32 of 3rd period - Bowen Byram is hit by Steven Stamkos and loses puck.
11:45 of 3rd period - Shot by Ryan Nugent-Hopkins.
11:45 of 3rd period - Shot Misses the Net.
12:14 of 3rd period - Shot by Martin Necas.
12:14 of 3rd period - Shot Misses the Net.
12:16 of 3rd period - Shot by Ryan Nugent-Hopkins.
12:16 of 3rd period - Deflect By Brayden Point.
12:16 of 3rd period - Shot Misses the Net.
12:37 of 3rd period - Mitch Marner is hit by Adam Larsson and loses puck.
12:53 of 3rd period - Icing by J.J. Moser.
12:54 of 3rd period - Lawson Crouse wins face-off versus Kevin Hayes in Canucks zone.
13:31 of 3rd period - Shot by Lawson Crouse.
13:31 of 3rd period - Shot Misses the Net.
13:33 of 3rd period - Shot by Ryan Lindgren.
13:33 of 3rd period - Stopped by Jeremy Swayman without a rebound.
13:34 of 3rd period - Brayden Point wins face-off versus Sean Kuraly in Canucks zone.
13:44 of 3rd period - Icing by Ryan Nugent-Hopkins.
13:45 of 3rd period - Steven Stamkos wins face-off versus Brayden Point in Canucks zone.
13:45 of 3rd period - Steven Stamkos is hit by Bowen Byram.
14:20 of 3rd period - Icing by Jared Spurgeon.
14:21 of 3rd period - Mathew Barzal wins face-off versus Steven Stamkos in Flames zone.
15:25 of 3rd period - Shot by Lawson Crouse.
15:25 of 3rd period - Shot Blocked by Bowen Byram.
15:59 of 3rd period - Shot by Sean Kuraly.
15:59 of 3rd period - Stopped by Jeremy Swayman with a rebound.
16:31 of 3rd period - Icing by Samuel Girard.
16:32 of 3rd period - Steven Stamkos wins face-off versus Brayden Point in Canucks zone.
16:37 of 3rd period - Shot by Steven Stamkos.
16:37 of 3rd period - Shot Misses the Net.
16:39 of 3rd period - Shot by Josh Morrissey.
16:39 of 3rd period - Shot Blocked by Samuel Girard.
16:57 of 3rd period - Shot by Ryan Nugent-Hopkins.
16:57 of 3rd period - Shot Misses the Net.
17:51 of 3rd period - Icing by Ty Smith.
17:52 of 3rd period - Jordan Kyrou wins face-off versus Jason Zucker in Canucks zone.
18:04 of 3rd period - Shot by Cody Glass.
18:04 of 3rd period - Stopped by Vitek Vanecek with a rebound.
19:08 of 3rd period - Icing by Bowen Byram.
19:09 of 3rd period - Sean Kuraly wins face-off versus Kevin Hayes in Canucks zone.
Goals for this period are 0 for Canucks vs 2 for Flames.
Shots for this period are 7 for Canucks vs 9 for Flames.